 Dungeon Crawl Stone Soup version 0.24.0-125-gc4c63601f3 (webtiles) character file.

Game seed: 16623694949563596399, levelgen mode: deterministic

624 1994 the Insei (level 7, -4/51 HPs)
             Began as a Red Draconian Transmuter on Mar 15, 2020.
             Was an Initiate of Hepliaklqana.
             Slain by ttag's ghost (13 damage)
             ... on level 4 of the Dungeon.
             The game lasted 00:20:59 (4704 turns).

1994 the Insei (Red Draconian Transmuter)           Turns: 4704, Time: 00:21:00

Health: -4/51      AC:  2    Str: 12    XL:     7   Next: 22%
Magic:  4/11       EV: 20    Int: 15    God:    Hepliaklqana [......]
Gold:   113        SH:  0    Dex: 17    Spells: 2/12 levels left

rFire    . . .     SeeInvis .     - Unarmed
rCold    . . .     Gourm    .   (shield currently unavailable)
rNeg     . . .     Faith    .   (armour unavailable)
rPois    x         Spirit   .   (helmet currently unavailable)
rElec    .         Reflect  .   (cloak currently unavailable)
rCorr    .         Harm     .   (gloves currently unavailable)
MR       .....                  (boots currently unavailable)
Stlth    ++........             (no amulet)
HPRegen  0.17/turn              (no ring)
MPRegen  0.12/turn              (no ring)

@: spider-form (expiring), very slightly contaminated
A: tiny, (breathe fire), unfitting armour, reduced essence, AC +6
a: End Transformation, Recall Ancestor, Ancestor Identity, Renounce Religion


You were on level 4 of the Dungeon.
You worshipped Hepliaklqana.
Hepliaklqana was noncommittal.
You were hungry.
You were a venomous arachnid creature.
You visited 1 branch of the dungeon, and saw 4 of its levels.

You collected 113 gold pieces.

Inventory:

Hand Weapons
 b - a +0 hunting sling
Missiles
 a - 30 arrows
 h - 107 stones
 k - 51 poisoned darts (quivered)
Jewellery
 p - an uncursed ring of wizardry
Wands
 l - a wand of random effects (18)
 t - a wand of disintegration (11)
Scrolls
 d - a scroll of fear {unknown}
 i - a scroll of remove curse
 j - a scroll of noise
 m - a scroll of fog {unknown}
 o - a scroll of enchant armour
 q - 2 scrolls of identify
 s - a scroll of random uselessness {unknown}
Potions
 e - a potion of might
 f - a potion of flight
 g - 6 potions of curing
 n - a potion of agility
 u - 2 potions of ambrosia {unknown}
 v - a potion of lignification {unknown}
Comestibles
 c - 7 rations
 r - 6 chunks of flesh


   Skills:
 + Level 3.2 Fighting
 * Level 2.2 Dodging
 + Level 4.9 Unarmed Combat
 - Level 3.0 Spellcasting
 + Level 4.4 Transmutations
 - Level 3.0 Poison Magic


You had 2 spell levels left.
You knew the following spells:

 Your Spells              Type           Power        Failure   Level  Hunger
a - Beastly Appendage     Tmut           ###...       11%         1    #......
b - Sticks to Snakes      Tmut           ###.....     14%         2    ##.....
c - Spider Form           Tmut/Pois      ##........   30%         3    ###....
d - Ice Form              Ice/Tmut       #.......     80%         4    #####..

Your spell library contained the following spells:

 Spells                   Type           Power        Failure   Level  Hunger
 Blade Hands              Tmut           ###.......   83%         5    ######.


Dungeon Overview and Level Annotations

Branches:
Dungeon (4/15)
 Temple: D:4-7

Altars:
Ashenzari
Cheibriados
Hepliaklqana
Trog

Annotations:
D:4 ttag's ghost, novice MiFi


Innate Abilities, Weirdness & Mutations

((You can breathe blasts of fire.))
((Your fiery red scales are hard. (AC +6)))
You cannot fit into any form of body armour.
((Your flesh is heat resistant. (rF+)))
((You are cold-blooded and may be slowed by cold attacks.))
Your life essence is reduced to manifest your ancestor. (-10% HP)


Message History

Casting: Sticks to Snakes (safe; 14% risk of failure)
Confirm with . or Enter, or press ? or * to list all spells.
You miscast Sticks to Snakes.
You are very lightly contaminated with residual magic.
Your skin glows momentarily.
Publia closely misses ttag's ghost.
Ttag's ghost hits Publia!
Publia is destroyed!
Your ball python barely misses ttag's ghost.
Ttag's ghost turns its malevolent gaze towards you.
Unknown command.
Unknown command.
Casting: Sticks to Snakes (safe; 14% risk of failure)
Confirm with . or Enter, or press ? or * to list all spells.
You create a snake!
You now have 30 arrows.
Your ball python barely misses ttag's ghost.
Unknown command.
Unknown command.
Unknown command.
Ttag's ghost hits you!
You die...

###.####.# #.# #.#.#
# #.....##.# #)#
#...# .##.###.##.#
#.# #..## ... #)...#
#.# #..###
###.###.#### #.#
#..... #....#####
#[# #...##
###.###..###.###...#
#..#..#.##.......##
#Ss#.⌠..##.###....#
#.WS≈≈.(≈#.........
#..'.#.≈#######...#
##.#..≈≈≈# ##...
#.#...### ####
###.##≈# ## ##


You could see ttag's ghost and 2 friendly ball pythons.

Vanquished Creatures
  Edmund (D:4)
  An ogre (D:4)
  A hound (D:3)
  An orc priest (D:3)
  A worker ant (D:4)
  An iguana (D:4)
  An orc wizard (D:3)
  8 adders
  2 dart slugs
  4 leopard geckos
  6 orcs
  4 ball pythons
  2 giant cockroaches (D:1)
  10 goblins
  6 hobgoblins
  3 jackals
  2 quokkas
  6 bats
  8 frilled lizards
  8 kobolds
  A quokka skeleton (D:3)
  8 rats
85 creatures vanquished.

Vanquished Creatures (collateral kills)
  A hound (D:4)
  3 orc wizards (D:4)
  4 adders (D:3)
  A dart slug (D:1)
  2 orcs
  A hobgoblin (D:1)
  A frilled lizard (D:4)
13 creatures vanquished.

Vanquished Creatures (others)
  3 ancestors (D:4)
3 creatures vanquished.

Grand Total: 101 creatures vanquished

Notes
Turn   | Place    | Note
-------+----------+-------------------------------------------
     0 | D:1      | 1994 the Draconian Transmuter began the quest for the Orb.
     0 | D:1      | Reached XP level 1. HP: 16/16 MP: 3/3
   159 | D:1      | Reached XP level 2. HP: 21/23 MP: 3/5
   174 | D:1      | Learned a level 2 spell: Sticks to Snakes
   774 | D:1      | Reached XP level 3. HP: 25/29 MP: 4/6
   786 | D:1      | Learned a level 3 spell: Spider Form
  1402 | D:2      | You fall into a shaft and drop 1 floor!
  1705 | D:3      | Reached XP level 4. HP: 26/36 MP: 4/7
  1840 | D:3      | Reached skill level 1 in Poison Magic
  1864 | D:3      | Found a snail-covered altar of Cheibriados.
  2300 | D:2      | Reached XP level 5. HP: 40/41 MP: 6/8
  2515 | D:2      | Found a hazy altar of Hepliaklqana.
  2537 | D:2      | Found a bloodstained altar of Trog.
  2668 | D:2      | Found a shattered altar of Ashenzari.
  2728 | D:2      | Became a worshipper of Hepliaklqana the Forgotten
  3996 | D:4      | Noticed an ogre
  4010 | D:4      | Killed an ogre
  4010 | D:4      | Reached XP level 6. HP: 45/45 MP: 10/10
  4047 | D:4      | Noticed Edmund
  4083 | D:4      | Killed Edmund
  4247 | D:4      | Learned a level 4 spell: Ice Form
  4269 | D:4      | Your scales start taking on a fiery red colour.
  4269 | D:4      | Reached XP level 7. HP: 33/51 MP: 11/11
  4269 | D:4      | Gained mutation: Your flesh is heat resistant. (rF+) [Red
                  | Draconian growth]
  4678 | D:4      | Found a large runed translucent door.
  4678 | D:4      | Found a large runed translucent door.
  4678 | D:4      | Noticed ttag's ghost (novice MiFi)
  4704 | D:4      | Slain by ttag's ghost

Levels and vault maps discovered:
D:1:      wander_arrival_desolate, layout_rooms
D:2:      layout_loops_ring, marbit_many_paths, lemuel_doored_altar, bloody_trog
D:3:      layout_loops_ring, minivault_26, cheibriados_altar_1
D:4:      layout_loops_ring, nicolae_overflow_crystal_walls, minitemple,
          temple_fountains, ebering_ghost_disaster_area, first_ration,
          uniq_menkaure, uniq_edmund, uniq_natasha

Skill      XL: |  1  2  3  4  5  6  7 |
---------------+----------------------+-----
Fighting       | 2 3 |  3.2
Transmutations | 3 4 |  4.4
Poison Magic   | 1 2 3 |  3.0
Unarmed Combat | 4 |  4.9
Spellcasting   | 3 |  3.0
Dodging        | 2 |  2.2

Action                   |  1- 3 |  4- 6 |  7- 9 || total
-------------------------+-------+-------+-------++-------
Melee: Unarmed           |   131 |   181 |    45 ||   357
       Tailslap          |    11 |    14 |     3 ||    28
       Headbutt          |    11 |     3 |     1 ||    15
       Punch             |     3 |       |     1 ||     4
       Kick              |     9 |    10 |       ||    19
Throw: Dart              |       |     7 |       ||     7
 Cast: Beastly Appendage |    16 |    19 |     2 ||    37
       Sticks to Snakes  |     5 |     4 |     2 ||    11
       Spider Form       |       |       |     2 ||     2
  Use: Scroll            |     3 |     5 |       ||     8
       Potion            |       |     1 |       ||     1
 Stab: Sleeping          |     1 |       |       ||     1
       Distracted        |       |       |     1 ||     1
  Eat: Chunk             |     3 |     9 |     1 ||    13
Armor: Skin              |    65 |    46 |    10 ||   121
Dodge: Dodged            |   135 |   100 |    22 ||   257
